 Dungeon Crawl Stone Soup version 0.21.0-3-g78d12a8 (webtiles) character file.

31195 theElss the Basher (level 13, -1/124 HPs)
             Began as a Gargoyle Berserker on Jan 17, 2018.
             Was a High Priest of Trog.
             Killed from afar by Azrael (36 damage)
             ... with damnation
             ... on level 13 of the Dungeon.
             The game lasted 00:44:47 (13055 turns).

theElss the Basher (Gargoyle Berserker)            Turns: 13055, Time: 00:44:48

Health: -1/124     AC: 26    Str: 30    XL:     13   Next: 56%
Magic:  13/13      EV:  9    Int:  9    God:    Trog [*****.]
Gold:   493        SH: 14    Dex:  9    Spells: 12/12 levels left

rFire    + . .     SeeInvis +   v - +2 flail (venom)
rCold    . . .     Gourm    .   F - +0 shield
rNeg     + . .     Faith    .   I - +0 plate armour
rPois    ∞         Spirit   .   (no helmet)
rElec    +         Reflect  .   y - -2 cloak (curse)
rCorr    .         Harm     .   a - +0 pair of gloves
MR       +....                  G - +0 pair of boots {Stlth+}
Stlth    ..........             (no amulet)
HPRegen  0.30/turn              u - ring of Insomnia {rF+ MR+ Stlth-}
MPRegen  0.13/turn              C - ring of see invisible

@: berserking, very quick
A: negative energy resistance 1, electricity resistance, unbreathing,
petrification resistance, rot immunity, AC +9
a: Berserk, Trog's Hand, Brothers in Arms, Burn Spellbooks, Renounce Religion


You were on level 13 of the Dungeon.
You worshipped Trog.
Trog was extremely pleased with you.
You were hungry.

You visited 1 branch of the dungeon, and saw 13 of its levels.

You collected 795 gold pieces.
You spent 302 gold pieces at shops.

Inventory:

Hand Weapons
 v - a +2 flail of venom (weapon)
 z - a +2 whip of flaming
 L - a +0 flail of holy wrath
Armour
 a - a +0 pair of gloves (worn)
 y - a cursed -2 cloak (worn)
 A - a +0 pair of boots
 F - a +0 shield (worn)
 G - a +0 pair of boots of stealth (worn)
 I - a +0 plate armour (worn)
Jewellery
 n - a +2 ring of intelligence
 t - a +2 ring of dexterity
 u - the ring of Insomnia (left hand) {rF+ MR+ Stlth-}
   (You found it on level 9 of the Dungeon)

   [ring of loudness]

   It protects you from fire.
   It affects your resistance to hostile enchantments.
   It makes you less stealthy.
 C - a ring of see invisible (right hand)
 V - an uncursed ring of stealth
 X - an uncursed ring of resist corrosion {unknown}
Wands
 w - a wand of iceblast (5)
 N - a wand of acid (18)
 O - a wand of paralysis (10)
 U - a wand of random effects (23)
Scrolls
 e - 3 scrolls of fear
 f - 7 scrolls of teleportation
 j - a scroll of enchant armour {unknown}
 m - a scroll of vulnerability {unknown}
 p - 3 scrolls of blinking
 q - a scroll of fog {unknown}
 s - a scroll of random uselessness {unknown}
 x - 3 scrolls of magic mapping
 E - 5 scrolls of remove curse
 J - 4 scrolls of immolation
 S - a scroll of identify
 W - a scroll of enchant weapon {unknown}
Potions
 b - 2 potions of lignification
 d - 2 potions of flight
 g - a potion of degeneration {unknown}
 h - 2 potions of mutation
 i - 2 potions of ambrosia
 k - 5 potions of heal wounds
 l - 7 potions of curing
 r - a potion of cancellation {unknown}
 B - a potion of haste {unknown}
 D - 2 potions of berserk rage
 H - a potion of magic {unknown}
 K - 6 potions of brilliance
Books
 o - a book of Air

   Spells                             Type                      Level
   a - Shock                          Conjuration/Air              1
   b - Swiftness                      Charms/Air                   2
   c - Static Discharge               Conjuration/Air              3
   d - Airstrike                      Air                          4
   e - Lightning Bolt                 Conjuration/Air              5
   Trog disapproves of the use of such an item.
 M - a book of Debilitation

   Spells                             Type                      Level
   a - Corona                         Hexes                        1
   b - Slow                           Hexes                        2
   c - Inner Flame                    Hexes/Fire                   3
   d - Portal Projectile              Hexes/Translocation          3
   e - Cause Fear                     Hexes                        4
   f - Leda's Liquefaction            Hexes/Earth                  4
   Trog disapproves of the use of such an item.
 P - a book of Cantrips

   Spells                             Type                      Level
   a - Confusing Touch                Hexes                        1
   b - Animate Skeleton               Necromancy                   1
   c - Summon Small Mammal            Summoning                    1
   d - Apportation                    Translocation                1
   Trog disapproves of the use of such an item.
 Q - a Young Poisoner's Handbook

   Spells                             Type                      Level
   a - Sting                          Conjuration/Poison           1
   b - Poisonous Vapours              Poison/Air                   2
   c - Mephitic Cloud                 Conjuration/Poison/Air       3
   d - Olgreb's Toxic Radiance        Poison                       4
   e - Venom Bolt                     Conjuration/Poison           5
   Trog disapproves of the use of such an item.
 R - a book of Beasts

   Spells                             Type                      Level
   a - Summon Butterflies             Summoning                    1
   b - Call Canine Familiar           Summoning                    3
   c - Summon Ice Beast               Ice/Summoning                4
   d - Summon Mana Viper              Hexes/Summoning              5
   e - Summon Hydra                   Summoning                    7
   Trog disapproves of the use of such an item.
Comestibles
 c - 23 rations


   Skills:
 - Level 10.3 Fighting
 - Level 13.7 Maces & Flails
 - Level 9.9 Armour
 - Level 3.8 Dodging
 - Level 2.6 Stealth
 + Level 13.1 Shields


You had 12 spell levels left.
You didn't know any spells.

Dungeon Overview and Level Annotations

Branches:
Dungeon (13/15)            Temple (0/1) D:5            Lair (0/6) D:9
    Orc (0/2) D:9
 Vaults: D:13-14

Altars:
Ashenzari
Cheibriados
Dithmenos
Elyvilon
Gozag
Hepliaklqana
Kikubaaqudgha
Makhleb
Nemelex Xobeh
Okawaru
Trog
Uskayaw
Vehumet
Wu Jian
Xom
Yredelemnul
The Shining One

Shops:
D:4 %   D:5 :=*   D:6 **   D:12 [

Portals:
Trove: D:11 (give 12 scrolls of teleportation)

Annotations:
D:13 Azrael


Innate Abilities, Weirdness & Mutations

You are resistant to torment.
Your stone body is resilient. (AC +9)
You are immune to poison.
You resist negative energy. (rN+)
You are resistant to electric shocks. (rElec)
You can survive without breathing.
You are immune to petrification.
You are immune to rotting.


Message History

You sock Azrael!
Azrael is heavily wounded.
You hit Azrael.
Azrael looks as sick as possible!
Azrael is heavily wounded.
The hell hound breathes flames at you.
The blast of flame hits Azrael.
Azrael completely resists.
The blast of flame hits you! You resist.
* * * LOW HITPOINT WARNING * * *
Your plate armour prevents you from hitting Azrael.
Azrael is heavily wounded.
Azrael misses you.
You thump Azrael!
Azrael is heavily wounded.
You thump Azrael!
Azrael is severely wounded.
You thump Azrael!
Azrael is almost dead.
Azrael gestures at you.
The sphere of damnation explodes!
The damnation engulfs you!
You die...

.. ###...#
####..#
#.##.##..#
#........#
........##
###...#.#
##.##.# ##
#.# #@#
#R# #h#
#E# #E#
..# ###


You could see Azrael, 2 fire elementals and a hell hound.

Vanquished Creatures
  An orc warlord (D:11)
  The ghost of MirrMurr the Grappler, a journeyman TrHu of Okawaru (D:10)
  2 yaktaur captains (D:11)
  4 two-headed ogres
  3 centaur warriors
  The ghost of sankara the Insei, a novice DgTm (D:11)
  A tengu warrior (D:11)
  Urug (D:10)
  2 unseen horrors
  A flayed ghost (D:11)
  Pikel (D:4)
  A wolf spider zombie (D:8)
  2 deep elf magi
  An ugly thing (D:10)
  2 manticores
  2 guardian serpents (D:10)
  3 centaur zombies
  An efreet (D:13)
  3 komodo dragons
  A harpy zombie (D:12)
  2 hellwings (D:8)
  3 trolls
  3 hornets (D:8)
  Grinder (D:3)
  4 hippogriffs
  A meliai zombie (D:8)
  2 shadows (D:11)
  A wyvern (D:13)
  Sigmund (D:3)
  18 yaks
  3 fire elementals (D:13)
  A vampire (D:11)
  A steam dragon (D:12)
  Eustachio (D:4)
  Grum (D:9)
  A hungry ghost (D:10)
  Edmund (D:4)
  2 soldier ants
  4 orc warriors
  3 sky beasts
  A black bear (D:6)
  Duvessa (D:7)
  An eye of draining (D:11)
  4 ice beasts
  6 phantoms
  2 slaves (D:4)
  4 wolves (D:9)
  2 hornet zombies
  2 necrophages (D:12)
  5 ogres
  9 centaurs
  A big kobold (D:12)
  6 bullfrogs
  A wyvern zombie (D:8)
  Dowan (D:7)
  A wyvern skeleton (D:9)
  3 scorpions
  5 killer bees
  7 howler monkeys
  An electric eel (D:11)
  5 crimson imps
  A bullfrog zombie (D:11)
  A quasit (D:6)
  A hound (D:11)
  5 orc wizards
  4 jellies
  5 bullfrog skeletons
  3 orc priests
  5 centaur skeletons
  Crazy Yiuf (D:3)
  2 iguanas
  9 worker ants
  2 hound zombies
  A hound skeleton (D:10)
  2 howler monkey zombies (D:10)
  3 gnolls (D:6)
  7 adders
  6 shadow imps
  A white imp (D:9)
  2 oozes
  2 adder zombies
  6 worms
  3 dart slugs
  6 leopard geckos
  35 orcs
  A ball python (D:7)
  7 giant cockroaches
  5 goblins
  7 hobgoblins
  15 jackals
  10 kobolds
  4 quokkas
  4 bats
  5 frilled lizards
  8 rats
335 creatures vanquished.

Vanquished Creatures (others)
  6 plants (D:9)
  A withered plant (D:8)
7 creatures vanquished.

Grand Total: 342 creatures vanquished

Notes
Turn   | Place    | Note
-------+----------+-------------------------------------------
     0 | D:1      | theElss the Gargoyle Berserker began the quest for the Orb.
     0 | D:1      | Reached XP level 1. HP: 14/14 MP: 1/1
    91 | D:1      | Reached XP level 2. HP: 19/19 MP: 2/2
   405 | D:1      | Reached XP level 3. HP: 23/24 MP: 3/3
  1205 | D:2      | Found a radiant altar of Vehumet.
  1207 | D:2      | Found a glowing golden altar of the Shining One.
  1329 | D:2      | Found a hazy altar of Hepliaklqana.
  1476 | D:2      | Reached ** piety under Trog
  1525 | D:2      | Reached XP level 4. HP: 21/29 MP: 4/4
  2458 | D:3      | Noticed Sigmund
  2473 | D:3      | Killed Sigmund
  2473 | D:3      | Reached skill level 1 in Stealth
  2473 | D:3      | Reached XP level 5. HP: 34/34 MP: 5/5
  2473 | D:3      | Reached XP level 6. HP: 39/39 MP: 6/6
  2579 | D:3      | Reached skill level 5 in Maces & Flails
  2689 | D:3      | Noticed Grinder
  2705 | D:3      | Killed Grinder
  2705 | D:3      | Reached XP level 7. HP: 33/44 MP: 7/7
  2969 | D:3      | Found a runed door.
  2973 | D:3      | Noticed Crazy Yiuf
  2976 | D:3      | Killed Crazy Yiuf
  3393 | D:4      | Noticed Eustachio
  3435 | D:4      | Killed Eustachio
  3435 | D:4      | Reached skill level 5 in Fighting
  3504 | D:4      | Found Umite's Food Shoppe.
  3533 | D:4      | Noticed Pikel
  3556 | D:4      | Killed Pikel
  3556 | D:4      | Reached XP level 8. HP: 43/51 MP: 8/8
  3666 | D:4      | Found a white marble altar of Elyvilon.
  3953 | D:4      | Noticed Edmund
  3983 | D:4      | Killed Edmund
  4082 | D:5      | Entered Level 5 of the Dungeon
  4114 | D:5      | Found a snail-covered altar of Cheibriados.
  4197 | D:5      | Reached *** piety under Trog
  4236 | D:5      | Found Xeredat's General Store.
  4282 | D:5      | Found Juwiwoal's Jewellery Shop.
  4381 | D:5      | Found a shimmering altar of Xom.
  4408 | D:5      | Found a staircase to the Ecumenical Temple.
  4459 | D:5      | Found Vatusku's Book Shoppe.
  4513 | D:6      | Found Gozag's Platinum Reserve.
  4530 | D:6      | Reached XP level 9. HP: 41/55 MP: 9/9
  4660 | D:6      | Found an opulent altar of Gozag.
  4820 | D:6      | Found a burning altar of Makhleb.
  4820 | D:6      | Found a shattered altar of Ashenzari.
  5266 | D:6      | Found Huoruwk's General Store.
  5269 | D:6      | Bought a scroll of fear for 49 gold pieces
  5269 | D:6      | Bought a scroll of identify for 28 gold pieces
  5292 | D:6      | Found an iron altar of Okawaru.
  5314 | D:6      | Noticed a two-headed ogre
  5323 | D:6      | Killed a two-headed ogre
  5617 | D:7      | Found a sparkling altar of Nemelex Xobeh.
  5790 | D:7      | Found a shadowy altar of Dithmenos.
  5859 | D:7      | Found a basalt altar of Yredelemnul.
  5905 | D:7      | Noticed Duvessa
  5906 | D:7      | Noticed Dowan
  5915 | D:7      | Killed Duvessa
  5915 | D:7      | Reached XP level 10. HP: 61/61 MP: 10/10
  5921 | D:7      | Killed Dowan
  6136 | D:8      | Reached skill level 5 in Armour
  6142 | D:8      | Reached skill level 10 in Maces & Flails
  6694 | D:8      | Reached **** piety under Trog
  6761 | D:8      | Reached XP level 11. HP: 68/68 MP: 11/11
  6985 | D:8      | Found a hide-covered altar of Uskayaw.
  7180 | D:9      | Found an ancient bone altar of Kikubaaqudgha.
  7534 | D:9      | Found a staircase to the Orcish Mines.
  7613 | D:9      | Got a smoking brass ring
  7615 | D:9      | Identified the ring of Insomnia {rF+ MR+ Stlth-} (You found it on level 9 of the Dungeon)
  7681 | D:9      | Noticed a two-headed ogre
  7699 | D:9      | Killed a two-headed ogre
  7797 | D:9      | Noticed Grum
  7815 | D:9      | Killed Grum
  8048 | D:9      | Found a bloodstained altar of Trog.
  8355 | D:9      | Found an ornate altar of the Wu Jian Council.
  8409 | D:9      | Found a staircase to the Lair.
  8712 | D:10     | Entered Level 10 of the Dungeon
  8712 | D:10     | Noticed MirrMurr's ghost (journeyman TrHu)
  8719 | D:10     | Killed MirrMurr's ghost
  8769 | D:10     | Noticed Urug
  8789 | D:10     | Killed Urug
  9130 | D:10     | Noticed a manticore
  9140 | D:10     | Noticed a brown ugly thing
  9299 | D:10     | Killed a manticore
  9312 | D:10     | Killed a brown ugly thing
  9312 | D:10     | Reached XP level 12. HP: 76/76 MP: 12/12
  9711 | D:10     | Reached ***** piety under Trog
  9788 | D:11     | Noticed sankara's ghost (novice DgTm)
  9902 | D:11     | Killed sankara's ghost
  9948 | D:11     | Noticed a two-headed ogre
  9960 | D:11     | Killed a two-headed ogre
  9960 | D:11     | Reached skill level 10 in Fighting
 10367 | D:11     | Noticed a tengu warrior
 10383 | D:11     | Killed a tengu warrior
 10385 | D:11     | Noticed a centaur warrior
 10403 | D:11     | Killed a centaur warrior
 10467 | D:11     | Noticed a two-headed ogre
 10479 | D:11     | Killed a two-headed ogre
 10962 | D:11     | Noticed a centaur warrior
 10974 | D:11     | Killed a centaur warrior
 10999 | D:11     | Found a portal to a secret trove of treasure.
 11534 | D:11     | Noticed a yaktaur captain
 11540 | D:11     | Noticed a yaktaur captain
 11544 | D:11     | Noticed an orc warlord
 11552 | D:11     | Killed a yaktaur captain
 11552 | D:11     | Reached skill level 10 in Shields
 11552 | D:11     | Reached XP level 13. HP: 83/83 MP: 13/13
 11571 | D:11     | Killed a yaktaur captain
 11585 | D:11     | Killed an orc warlord
 11715 | D:11     | Found the +3 robe of Folly {Archmagi, MR-- Int+5}
 11833 | D:12     | Found Edezun's Antique Armour Shop.
 11847 | D:12     | Bought a pair of glowing boots for 225 gold pieces
 11955 | D:12     | Received a gift from Trog
 12361 | D:12     | Found a shadowy altar of Dithmenos.
 13042 | D:13     | Noticed Azrael
 13055 | D:13     | Killed from afar by Azrael

Skill      XL: |  1  2  3  4  5  6  7  8  9 10 11 12 13 |
---------------+----------------------------------------+-----
Fighting       | 4 5 6 7 9 10 | 10.3
Dodging        | 2 3 |  3.8
Maces & Flails | 4 5 7 8 9 11 12 13 | 13.7
Stealth        | 1 2 |  2.6
Armour         | 3 4 6 9 |  9.9
Shields        | 7 10 13 | 13.1

Action                   |  1- 3 |  4- 6 |  7- 9 | 10-12 | 13-15 || total
-------------------------+-------+-------+-------+-------+-------++-------
Melee: Mace              |   134 |       |       |       |       ||   134
       Whip              |       |   103 |   285 |    16 |       ||   404
       Flail             |       |    11 |    89 |   797 |   337 ||  1234
Invok: Berserk           |       |     2 |     3 |    13 |     2 ||    20
       Trog's Hand       |       |     2 |       |     1 |       ||     3
  Use: Scroll            |       |       |       |    11 |     4 ||    15
 Stab: Sleeping          |     2 |       |       |       |       ||     2
  Eat: Chunk             |     2 |     6 |    13 |    24 |     4 ||    49
       Ration            |       |       |       |     2 |     1 ||     3
Armor: Animal skin       |    59 |    26 |       |       |       ||    85
       Chain mail        |       |    10 |   163 |       |       ||   173
       Plate armour      |       |       |    43 |   464 |    98 ||   605
Dodge: Dodged            |   111 |    45 |   138 |   244 |    41 ||   579
Block: Buckler           |       |       |    13 |   129 |       ||   142
       Shield            |       |       |       |    52 |   157 ||   209
